 Dungeon Crawl Stone Soup version 0.29-a0-106-g0a07039d5a (webtiles) character file.

Game seed: 16551721387338540766

5821 kae the Grappler (level 10, -17/99 HPs)
             Began as a White Draconian Transmuter on Feb 16, 2022.
             Was a Believer of Ru.
             Demolished by a two-headed ogre (25 damage)
             ... on level 9 of the Dungeon.
             The game lasted 00:05:22 (10661 turns).

kae the Grappler (White Draconian Transmuter)      Turns: 10661, Time: 00:05:23

Health: -17/99     AC:  8    Str: 21    XL:     10   Next: 51%
Magic:  15/18      EV: 11    Int: 16    God:    Ru [**....]
Gold:   619        SH:  0    Dex: 11    Spells: 12/20 levels left

rFire   x . .      SeeInvis .     - Unarmed
rCold   + + +      Faith    .   (shield currently unavailable)
rNeg    . . .      Spirit   .   (armour unavailable)
rPois   +          Reflect  .   (helmet currently unavailable)
rElec   .          Harm     .   (cloak currently unavailable)
rCorr   .          Rampage  .   (gloves currently unavailable)
Will    .....                   (boots currently unavailable)
Stlth   +.........              (no amulet)
HPRegen 0.26/turn               b - ring of wizardry
MPRegen 0.16/turn               f - +6 ring of strength

@: ice-form, studying Long Blades
A: freezing attack, amphibious, boosted hp, (breathe frost), AC +7, large,
unfitting armour, (cold resistance 1), (cold-blooded), hated by all
a: End Transformation, Renounce Religion


You were on level 9 of the Dungeon.
You worshipped Ru.
Ru was pleased with you.
You were a creature of crystalline ice.
You visited 2 branches of the dungeon, and saw 10 of its levels.

You collected 619 gold pieces.

Inventory:

Armour
 o - a +2 pair of gloves of hurling (melded)
Jewellery
 b - a ring of wizardry (left front paw)
 f - a +6 ring of strength (right front paw)
 l - a ring of magical power
 r - an amulet of regeneration
Wands
 g - a wand of acid (12)
 m - a wand of iceblast (5)
 n - a wand of polymorph (10)
 u - a wand of digging (5)
Scrolls
 a - 3 scrolls of teleportation
 d - 4 scrolls of silence
 e - 5 scrolls of blinking
 s - 2 scrolls of magic mapping
 t - a scroll of fog
 w - a scroll of identify
Potions
 c - a potion of brilliance
 h - 3 potions of flight
 i - 3 potions of curing
 j - a potion of resistance
 k - a potion of degeneration
 p - a potion of might
 q - a potion of cancellation
 v - a potion of mutation {unknown}


   Skills:
 + Level 6.1 Fighting
 + Level 5.5 Dodging
 * Level 8.6 Unarmed Combat
 + Level 5.5 Spellcasting
 * Level 8.3 Transmutations
 - Level 5.0 Ice Magic
 - Level 2.0 Poison Magic


You had 12 spell levels left.
You knew the following spells:

 Your Spells              Type           Power      Damage    Failure   Level
a - Beastly Appendage     Tmut           62%        N/A       1%          1
b - Spider Form           Tmut/Pois      21%        N/A       2%          3
c - Ice Form              Ice/Tmut       25%        N/A       4%          4

Your spell library contained the following spells:

 Spells                   Type           Power      Damage    Failure   Level
 Passwall                 Tmut/Erth      14%        N/A       1%          2
 Wereblood                Tmut           31%        N/A       1%          2
 Ensorcelled Hibernation  Hex/Ice        24%        N/A       3%          2
 Magic Dart               Conj           16%        1d3       6%          1
 Blink                    Tloc           8%         N/A       9%          2
 Dazzling Flash           Conj/Hex       8%         N/A       17%         3
 Lesser Beckoning         Tloc           4%         N/A       17%         3
 Swiftness                Air            4%         N/A       17%         3
 Iskenderun's Mystic Bla  Conj/Tloc      4%         2d3       47%         4
 Manifold Assault         Tloc           4%         N/A       82%         5
 Starburst                Conj/Fire      2%         6d3       100%        6


Dungeon Overview and Level Annotations

Branches:
Dungeon (9/15)             Temple (1/1) D:5
   Lair: D:8-11         Orc: D:9-12

Altars:
Ashenzari
Cheibriados
Dithmenos
Elyvilon
Fedhas
Gozag
Hepliaklqana
Kikubaaqudgha
Makhleb
Nemelex Xobeh
Okawaru
Qazlal
Ru
Sif Muna
Trog
Uskayaw
Vehumet
Wu Jian
Xom
Yredelemnul
Zin
The Shining One

Annotations:
D:3 1 runed translucent door, Crazy Yiuf
D:8 Erica


Innate Abilities, Weirdness & Mutations

You are a creature of crystalline ice.
You have a powerful freezing melee attack.
You are amphibious.
Your maximum health is increased.
Your armour is entirely melded.
You are incapable of wielding weapons or throwing items.
((You can breathe waves of freezing cold which knock back foes.))
((Your icy white scales are hard. (AC +7)))
You cannot fit into any form of body armour.
((Your flesh is cold resistant. (rC+)))
((You are cold-blooded and may be slowed by cold attacks.))
You are hated by all.


Message History

You feel that your aim is more steady.
Key pressed, stopping explore.
No target in view!
No target in view!
Things that are here:
a +0 shortbow; 22 arrows; a centaur corpse
v - a pink potion
Found a condenser vane.
A two-headed ogre comes into view. It is wielding two +0 giant clubs.
The two-headed ogre shouts in stereo!
You hear a shout!
A centaur comes into view.
The two-headed ogre moves out of view.
A centaur is nearby!
A centaur is nearby!
Casting: Ice Form (dangerous; 4% risk of failure)
Confirm with . or Enter, or press ? or * to list all spells.
You turn into a creature of crystalline ice.
Your +2 pair of gloves of hurling melds into your body.
Your aim is not that steady anymore.
The centaur wields a +0 vorpal shortbow.
The centaur shoots an arrow.
The arrow hits you.
The two-headed ogre hits you with a +0 giant club!
The two-headed ogre hits you with a +0 giant club!!
You are too injured to fight recklessly!
You are too injured to fight recklessly!
You are too injured to fight recklessly!
You are too injured to fight recklessly!
You are too injured to fight recklessly!
You are too injured to fight recklessly!
You hit the two-headed ogre. You freeze the two-headed ogre.
The two-headed ogre is lightly wounded.
You punch the two-headed ogre! You freeze the two-headed ogre!
The two-headed ogre is heavily wounded.
The two-headed ogre hits you with a +0 giant club! x2
You pummel the two-headed ogre!! You freeze the two-headed ogre.
The two-headed ogre is almost dead.
The two-headed ogre hits you with a +0 giant club!!
* * * LOW HITPOINT WARNING * * *
The two-headed ogre hits you with a +0 giant club!!
You die...

#.....##
######....#
#....#.####
#..}...#
#.....##
#....##
#####....#
#........#
#Y###....#
#O# ##...#
.c. #####
8...8
.......
#.8...8.#
#.......#
#.8...8.#


You could see a two-headed ogre and a centaur.

Vanquished Creatures
  2 hornets
  2 shadows
  A vampire (D:8)
  2 wyverns
  3 steam dragons
  4 water moccasins
  An orc warrior (D:8)
  4 ice beasts
  3 black bears
  2 necrophages
  4 ogres
  4 centaurs
  A phantom (D:5)
  A kobold brigand (D:8)
  A wyvern zombie (D:7)
  6 bullfrogs
  A water moccasin zombie (D:6)
  4 scorpions
  A water moccasin skeleton (D:4)
  11 wights
  A bullfrog zombie (D:6)
  4 hounds
  2 jellies
  2 bullfrog skeletons
  A centaur skeleton (D:7)
  5 orc priests
  3 iguanas
  5 orc wizards
  2 killer bee zombies
  A hound skeleton (D:7)
  10 gnolls
  10 adders
  2 white imps
  An adder skeleton (D:5)
  2 worms
  4 dart slugs
  16 orcs
  10 ball pythons
  3 bats
  3 endoplasms (D:2)
  2 giant cockroaches
  10 hobgoblins
  9 kobolds
  2 quokkas
  2 frilled lizards
  3 goblins
  7 rats
180 creatures vanquished.

Notes
Turn   | Place    | Note
-------+----------+-------------------------------------------
     0 | D:1      | kae the Draconian Transmuter began the quest for the Orb.
     0 | D:1      | Reached XP level 1. HP: 16/16 MP: 3/3
   251 | D:1      | Found a faded altar of an unknown god.
   520 | D:1      | Reached XP level 2. HP: 23/23 MP: 3/5
   981 | D:2      | Reached XP level 3. HP: 23/28 MP: 4/6
   995 | D:2      | Learned a level 3 spell: Spider Form
  2039 | D:3      | Found a glowing golden altar of the Shining One.
  2039 | D:3      | Found a hide-covered altar of Uskayaw.
  2085 | D:3      | Found a runed translucent door.
  2086 | D:3      | Noticed Crazy Yiuf
  2246 | D:3      | Reached skill level 1 in Poison Magic
  2246 | D:3      | Reached XP level 4. HP: 35/36 MP: 7/7
  2389 | D:3      | Found a bloodstained altar of Trog.
  2415 | D:3      | Found a shimmering blue altar of Sif Muna.
  2419 | D:3      | Got Sif Muna's Compendium of the Postmodern Artisans
  2649 | D:4      | Found a glowing silver altar of Zin.
  2649 | D:4      | Found a radiant altar of Vehumet.
  2705 | D:4      | Noticed a scorpion
  2707 | D:4      | Found a white marble altar of Elyvilon.
  2714 | D:4      | Killed a scorpion
  2715 | D:4      | Reached XP level 5. HP: 33/41 MP: 4/8
  3118 | D:4      | Reached XP level 6. HP: 30/49 MP: 8/10
  3500 | D:4      | Learned a level 4 spell: Ice Form
  3544 | D:4      | Found a basalt altar of Yredelemnul.
  4006 | D:5      | Entered Level 5 of the Dungeon
  4023 | D:5      | Reached skill level 1 in Ice Magic
  4023 | D:5      | Your scales start taking on an icy white colour.
  4023 | D:5      | Reached XP level 7. HP: 37/56 MP: 8/11
  4023 | D:5      | Gained mutation: Your flesh is cold resistant. (rC+) [White
                  | Draconian growth]
  4183 | D:5      | Reached skill level 5 in Unarmed Combat
  4326 | D:5      | Found a staircase to the Ecumenical Temple.
  4688 | D:5      | HP: 2/61 [wight (5)]
  5247 | D:5      | Reached XP level 8. HP: 45/63 MP: 10/13
  5573 | D:5      | Reached skill level 5 in Transmutations
  5814 | Temple   | Entered the Ecumenical Temple
  5915 | Temple   | Became a worshipper of Ru the Awakened
  6351 | D:6      | Reached skill level 5 in Ice Magic
  6858 | D:6      | Found a shimmering altar of Xom.
  7027 | D:6      | Found a hazy altar of Hepliaklqana.
  7070 | D:6      | Reached XP level 9. HP: 68/72 MP: 11/15
  7644 | D:7      | Gained mutation: You are hated by all. [Ru sacrifice]
  7644 | D:7      | Reached * piety under Ru
  7644 | D:7      | Reached ** piety under Ru
  7696 | D:7      | Reached skill level 5 in Fighting
  8577 | D:7      | Found a burning altar of Makhleb.
  8581 | D:7      | Reached skill level 5 in Dodging
  8641 | D:7      | Reached skill level 5 in Spellcasting
  8641 | D:7      | Reached XP level 10. HP: 81/81 MP: 17/17
  9717 | D:8      | Found a snail-covered altar of Cheibriados.
  9983 | D:8      | Noticed Erica
 10122 | D:9      | Identified the +5 trident "Cuff" {venom, Int+4}
 10655 | D:9      | Noticed a two-headed ogre
 10661 | D:9      | Demolished by a two-headed ogre

Illustrated notes

Levels and vault maps discovered:
D:1:      dpeg_arrival_simpleton_b, layout_rooms,
          hellmonk_ecumenical_altar_zigzags
D:2:      layout_basic, minmay_fractal_squares_5
D:3:      layout_loops_ring, nzn_overflow_gifts_of_might_and_magic,
          mainiacjoe_overflow_catwalk_spiral, uniq_crazy_yiuf_cottage
D:4:      layout_loops_ring, nicolae_overflow_crystal_walls,
          chequers_temple_overflow_statue_of_worship, minmay_goblin_kobold_house
D:5:      layout_basic, minmay_temple_entry_ruins
D:6:      layout_basic, mainiacjoe_overflow_24_doors, lemuel_round_altar,
          minmay_manual_moon
D:7:      layout_basic, makhleb_blood_cavern_becter, palyth_stone_intersect,
          minmay_bent
D:8:      layout_basic, slow_altar_2, corexii_corridor_pit,
          kennysheep_small_circle, uniq_erica
D:9:      layout_rooms, grunt_ministairs_3, interstate_on_off
Temple:   compressed_dpeg_circular_temple

Skill      XL: |  1  2  3  4  5  6  7  8  9 10 |
---------------+-------------------------------+-----
Dodging        | 2 3 4 5 |  5.5
Poison Magic   | 1 2 |  2.0
Transmutations | 3 4 6 7 8 |  8.3
Fighting       | 2 3 4 5 6 |  6.1
Unarmed Combat | 4 5 6 7 8 |  8.6
Spellcasting   | 3 4 5 |  5.5
Ice Magic      | 1 3 5 |  5.0

Action                   |  1- 3 |  4- 6 |  7- 9 | 10-12 || total
-------------------------+-------+-------+-------+-------++-------
Melee: Unarmed           |   117 |   100 |   256 |    79 ||   552
       Kick              |    14 |    13 |       |       ||    27
       Tailslap          |    11 |     7 |     4 |       ||    22
       Headbutt          |     8 |     9 |       |       ||    17
       Punch             |       |     3 |     2 |       ||     5
 Cast: Beastly Appendage |    26 |    12 |       |       ||    38
       Spider Form       |     1 |     7 |     8 |       ||    16
       Ice Form          |       |       |    26 |    13 ||    39
Invok: Sacrifice Love    |       |       |     1 |       ||     1
 Abil: Breathe Frost     |       |       |       |     3 ||     3
  Use: Scroll            |     5 |     6 |     2 |     7 ||    20
       Potion            |       |     1 |     2 |       ||     3
Armor: Skin              |    29 |    14 |    76 |    26 ||   145
Dodge: Dodged            |    79 |    57 |   158 |    48 ||   342

Table legend: (Time is in decaauts)
 A = Elapsed time spent in this place.
 B = Non-inter-level travel time spent in this place.
 C = Inter-level travel time spent in this place.
 D = Time resting spent in this place.
 E = Time spent auto-exploring this place.
 F = Levels seen in this place.
 G = Mean time per level.
                   A        B        C        D        E       F      G
               +--------+--------+--------+--------+--------+-----+--------+
         Total |  10612 |  10286 |    326 |    722 |   8162 |  10 | 1061.2 |
       Dungeon |  10505 |  10211 |    294 |    722 |   8096 |   9 | 1167.2 |
        Temple |    106 |     74 |     32 |      0 |     66 |   1 |  106.0 |
               +--------+--------+--------+--------+--------+-----+--------+

Top non-repeatable levels by time:
     D:5: 1829 daAuts
     D:7: 1544 daAuts
     D:4: 1387 daAuts
     D:6: 1368 daAuts
     D:8: 1225 daAuts
     D:2: 1038 daAuts
     D:3: 938 daAuts
     D:1: 629 daAuts
     D:9: 544 daAuts
  Temple: 106 daAuts
